Map: Dusk Towers

Players

HyuN

  • Race: Zerg Zerg

LiquidSnute (Snute) - Winner!

  • Race: Zerg Zerg
  • League: Grandmaster

Event: Homestory Cup XII

VOD

Have the link to the VOD?

Description

Time

  • Played on: Dec. 19, 2015, 1:50 p.m.
  • Length: 11:32

All games in this series

Show
View Real Time Build Order
Export as new Build Order

HyuN Zerg 

Build Orders: Pool First 

Get SALT Encoding   

  12  0:00  Drone  
  13  0:14  Extractor  
  12  0:24  Spawning Pool  
  12  0:27  Drone  
  12  0:32  Drone  
  13  0:36  Drone  
  14  0:48  Overlord  
  14  1:10  Queen  
  17  1:11  Zergling x2  
  17  1:16  Metabolic Boost  
  17  1:20  Zergling x2  
  17  1:25  Zergling x2  
  19  1:35  Baneling Nest  
  19  1:39  Zergling x2  
  19  1:43  Zergling x2  
  20  1:52  Overlord  
  20  1:58  Zergling x2  
  21  2:08  Zergling x2  
  22  2:16  Zergling x2  
  22  2:20  Baneling x2  
  22  2:21  Baneling  
  24  2:22  Zergling x2  
  24  2:23  Zergling x2  
  24  2:28  Zergling x2  
  26  2:36  Zergling x2  
  27  2:39  Baneling  
  27  2:46  Zergling x2  
  28  2:55  Baneling x2  
  28  2:59  Drone  
  28  3:03  Overlord  
  29  3:07  Drone  
  29  3:13  Drone  
  29  3:29  Drone  
  29  3:31  Drone  
  29  3:32  Drone x2  
  32  3:50  Hatchery  
  32  3:52  Drone  
  30  4:11  Drone  
  30  4:12  Drone  
  30  4:16  Drone  
  33  4:17  Queen  
  33  4:22  Overlord  
  35  4:24  Drone x2  
  37  4:41  Drone  
  37  4:45  Drone  
  38  4:48  Drone x3  
  41  5:01  Overlord  
  41  5:02  Drone  
  42  5:09  Drone  
  42  5:11  Hatchery  
  42  5:15  Drone  
  42  5:16  Drone x3  
  42  5:20  Drone  
  47  5:25  Drone  
  47  5:28  Lair  
  42  5:36  Roach Warren  
  42  5:39  Drone x4  
  45  5:46  Overlord  
  45  5:49  Drone  
  46  5:50  Drone x3  
  46  5:51  Zergling x2  
  46  5:54  Extractor  
  46  5:55  Extractor  
  48  5:57  Evolution Chamber  
  48  5:59  Drone  
  48  6:00  Drone  
  49  6:10  Drone  
  50  6:13  Queen  
  50  6:16  Zergling x2  
  53  6:21  Zergling x2  
  54  6:26  Drone  
  54  6:27  Drone x6  
  60  6:34  Overlord x2  
  60  6:35  Glial Reconstitution  
  60  6:36  Zerg Missile Weapons Level 1  
  60  6:38  Drone x2, Overseer  
  62  6:50  Drone x3  
  62  6:51  Infestation Pit  
  64  6:55  Roach x3  
  64  6:58  Spine Crawler x2, Roach  
  64  7:00  Roach  
  73  7:04  Roach x2  
  73  7:06  Roach  
  79  7:09  Roach x2  
  79  7:11  Roach  
  79  7:15  Roach x2  
  89  7:16  Overseer  
  89  7:24  Overlord x3  
  89  7:32  Extractor x2  
  89  7:36  Overlord x3  
  89  7:39  Extractor  
  88  7:45  Drone x2  
  88  7:46  Overlord x2  
  88  7:47  Overlord x2  
  90  7:55  Drone x5  
  90  7:56  Drone  
  96  8:03  Ravager x3  
  96  8:04  Ravager x2  
  101  8:07  Roach  
  101  8:08  Roach x4  
  101  8:11  Drone x2  
  101  8:12  Drone  
  114  8:16  Drone  
  114  8:19  Roach x2  
  119  8:23  Roach x3  
  119  8:24  Hatchery  
  119  8:26  Overseer  
  124  8:28  Roach  
  124  8:30  Roach x2  
  130  8:39  Overlord x2  
  130  8:43  Baneling x4  
  130  8:48  Overlord x5  
  130  8:51  Zerg Missile Weapons Level 2  
  130  8:59  Roach x4  
  138  9:04  Roach x2  
  138  9:09  Roach  
  148  9:10  Roach x2  
  148  9:13  Roach  
  148  9:14  Roach x2  
  148  9:16  Ravager  
  153  9:25  Pneumatized Carapace  
  153  9:27  Ravager x4  
  153  9:29  Roach  
  153  9:30  Overlord x2  
  159  9:37  Roach x5  
  169  9:43  Roach  
  169  9:44  Roach x3  
  177  9:47  Overlord  
  177  9:48  Overlord x2  
  177  9:50  Roach x2  
  181  9:54  Ravager  
  181  9:59  Roach x3  
  188  10:02  Roach  
  188  10:03  Roach  
  192  10:07  Roach x2  
  196  10:15  Overseer  
  196  10:18  Ravager x2  
  198  10:31  Hydralisk Den  
  198  10:32  Extractor  
  198  10:33  Extractor  
  167  10:45  Roach  
  167  10:46  Roach x11  
  142  10:53  Roach x4  
  142  10:56  Roach x2  
  114  11:00  Roach x2  
  114  11:01  Roach x4  
  117  11:04  Overseer  
  117  11:07  Roach  
Show
View Real Time Build Order
Export as new Build Order

LiquidSnute Zerg - Winner!

Build Orders: Hatch First, Lurkers 

Get SALT Encoding   

  12  0:00  Drone  
  13  0:12  Overlord  
  13  0:16  Drone  
  14  0:30  Drone x2  
  14  0:34  Drone  
  17  0:52  Hatchery  
  17  0:54  Drone  
  17  0:57  Drone  
  17  1:00  Extractor  
  17  1:12  Spawning Pool  
  17  1:15  Drone  
  17  1:19  Drone  
  18  1:27  Drone  
  19  1:38  Drone  
  20  1:59  Queen  
  20  2:00  Baneling Nest  
  20  2:01  Zergling x2  
  22  2:04  Queen  
  22  2:05  Zergling x4  
  26  2:11  Spine Crawler  
  26  2:13  Zergling x2  
  26  2:17  Zergling x2  
  26  2:21  Zergling x2  
  28  2:34  Overlord  
  28  2:44  Baneling x2  
  28  2:45  Baneling x2  
  28  2:46  Baneling  
  28  2:56  Queen  
  28  3:12  Baneling x2  
  27  3:18  Hatchery  
  27  3:19  Drone  
  27  3:24  Drone  
  27  3:27  Drone  
  29  3:31  Drone  
  30  3:50  Overlord x2  
  30  3:51  Overlord  
  29  4:11  Drone x2  
  29  4:12  Drone x4  
  35  4:24  Lair  
  35  4:26  Evolution Chamber, Drone  
  35  4:27  Extractor  
  34  4:38  Drone  
  34  4:43  Roach Warren  
  34  4:46  Drone  
  34  4:47  Drone x2  
  37  4:53  Zerg Missile Weapons Level 1  
  37  4:55  Drone  
  38  5:00  Drone  
  38  5:02  Drone  
  38  5:04  Drone  
  41  5:07  Drone  
  41  5:09  Drone  
  41  5:11  Drone  
  44  5:16  Drone  
  44  5:17  Drone  
  46  5:22  Drone x2  
  46  5:23  Drone  
  49  5:29  Drone x2  
  49  5:33  Glial Reconstitution  
  50  5:38  Extractor  
  50  5:41  Drone  
  50  5:42  Drone  
  51  5:43  Drone  
  52  5:52  Hatchery  
  51  5:57  Overlord x2  
  51  6:02  Roach  
  51  6:03  Roach x3  
  59  6:07  Overlord  
  59  6:09  Overlord  
  59  6:13  Overlord  
  59  6:17  Roach x2  
  63  6:26  Roach x3  
  68  6:35  Ravager x3  
  68  6:36  Ravager  
  72  6:40  Roach x4  
  72  6:44  Drone x2  
  80  6:54  Drone x3  
  80  6:55  Drone  
  80  6:58  Queen  
  80  6:59  Zerg Missile Weapons Level 2  
  86  7:02  Drone  
  86  7:03  Drone  
  86  7:05  Drone  
  89  7:14  Drone  
  90  7:15  Overlord  
  90  7:17  Drone x4  
  90  7:22  Drone x3  
  97  7:25  Drone  
  97  7:27  Drone, Extractor  
  98  7:33  Drone  
  98  7:35  Extractor  
  98  7:39  Hydralisk Den, Extractor  
  98  7:42  Roach x3  
  102  7:48  Hatchery, Overlord  
  102  7:49  Drone  
  102  7:50  Drone x2  
  102  7:51  Drone x2  
  106  7:57  Overlord x3  
  106  8:04  Overlord x2  
  106  8:05  Overlord  
  106  8:09  Lurker Den  
  106  8:11  Roach  
  106  8:12  Roach x2  
  112  8:16  Roach x2  
  116  8:20  Roach x2  
  116  8:21  Roach  
  116  8:25  Roach x4  
  130  8:30  Pneumatized Carapace  
  130  8:36  Roach x3  
  130  8:38  Roach  
  130  8:39  Roach  
  130  8:40  Roach  
  142  8:42  Roach  
  142  8:43  Roach  
  146  8:49  Roach  
  146  8:53  Roach x3  
  146  8:54  Roach  
  156  8:57  Overseer  
  156  9:05  Hydralisk x4  
  164  9:14  Hydralisk x4  
  170  9:18  Zerg Ground Armor Level 1  
  170  9:24  Roach x2  
  174  9:36  Overlord x3  
  174  9:37  Muscular Augments  
  174  9:46  Overlord  
  174  9:52  Overlord x2  
  174  9:57  Lurker x5  
  179  10:02  Queen  
  179  10:03  Extractor  
  179  10:06  Roach x7  
  194  10:09  Roach x2  
  198  10:20  Ravager  
  199  10:29  Spine Crawler  
  198  10:42  Roach x5  
  186  10:44  Roach  
  186  10:45  Roach x12  
  177  10:50  Roach  
  177  10:51  Roach x2  
  169  11:00  Roach x3  
  173  11:05  Roach  
  172  11:17  Ravager  
  172  11:18  Ravager x2  
Tags
 
Add a new tag
Caveats
  • Supply blocks, unpowered buildings, or Contaminate may cause inaccurate times.
  • Supply counts are checked every 10 seconds.